 Dungeon Crawl Stone Soup version 0.26-a0-639-g72c4674329 (webtiles) character file.

Game seed: 10262408642237123268

815 Borgoz the Skirmisher (level 7, -1/67 HPs)
             Began as a Gargoyle Berserker on Sept 19, 2020.
             Was a Priest of Trog.
             Slain by an ogre
             ... wielding a +0 giant club
              (6 damage)
             ... on level 5 of the Dungeon.
             The game lasted 00:05:00 (3948 turns).

Borgoz the Skirmisher (Gargoyle Berserker)          Turns: 3948, Time: 00:05:01

Health: -1/67      AC: 20    Str: 20    XL:     7   Next: 94%
Magic:  7/7        EV: 11    Int:  8    God:    Trog [***...]
Gold:   10         SH:  0    Dex: 11    Spells: 6/6 levels left

rFire    . . .     SeeInvis .   i - +3 morningstar (protect)
rCold    . . .     Faith    .   (no shield)
rNeg     + . .     Spirit   .   m - +0 scale mail
rPois    ∞         Reflect  .   (no helmet)
rElec    +         Harm     .   (no cloak)
rCorr    .         Rampage  .   (no gloves)
MR       .....                  p - +0 pair of boots
Stlth    ..........             (no amulet)
HPRegen  0.21/turn              (no ring)
MPRegen  0.10/turn              (no ring)

@: berserking, protection aura, very quick
A: negative energy resistance 1, electricity resistance, unbreathing,
petrification resistance, rot immunity, AC +4
a: Berserk, Trog's Hand, Renounce Religion


You were on level 5 of the Dungeon.
You worshipped Trog.
Trog was most pleased with you.
You visited 1 branch of the dungeon, and saw 5 of its levels.

You collected 101 gold pieces.
You spent 91 gold pieces at shops.

Inventory:

Hand Weapons
 i - a +3 morningstar of protection (weapon)
Armour
 m - a +0 scale mail (worn)
 p - a +0 pair of boots (worn)
Wands
 b - a wand of digging (8)
 j - a wand of paralysis (12)
Scrolls
 a - a scroll of fear {unknown}
 c - 2 scrolls of enchant armour {unknown}
 f - a scroll of blinking
 g - 3 scrolls of teleportation {unknown}
 l - 3 scrolls of remove curse {unknown}
 n - 2 scrolls of magic mapping {unknown}
 o - a scroll of identify
 q - a scroll of noise {unknown}
Potions
 d - a potion of curing
 e - a potion of invisibility
 h - a potion of cancellation
 k - a potion of ambrosia


   Skills:
 + Level 5.7 Fighting
 + Level 5.2 Maces & Flails
 + Level 5.1 Armour
 + Level 3.8 Dodging


You had 6 spell levels left.
You didn't know any spells.
Your spell library was empty.

Dungeon Overview and Level Annotations

Branches:
Dungeon (5/15)
 Temple: D:4-7

Altars:
Cheibriados
Dithmenos
Nemelex Xobeh
Okawaru
Ru

Shops:
D:4 (**(


Innate Abilities, Weirdness & Mutations

You are resistant to torment.
Your stone body is resilient. (AC +4)
You are immune to poison.
You resist negative energy. (rN+)
You are resistant to electric shocks. (rElec)
You can survive without breathing.
You are immune to petrification.
You are immune to rotting.


Message History

You are too injured to fight recklessly!
You are too injured to fight recklessly!
You are too injured to fight recklessly!
You are too injured to fight recklessly!
You are too injured to fight recklessly!
You are too injured to fight recklessly!
You are too injured to fight recklessly!
You are too injured to fight recklessly!
Okay, then.
You feel better.
The shadow imp picks up a beetle and eats it.
The shadow imp closely misses you. The ogre hits you with a +0 giant club!
* * * LOW HITPOINT WARNING * * *
A red film seems to cover your vision as you go berserk!
You feel yourself moving faster!
You feel mighty! The shadow imp barely misses you.
You barely miss the ogre.
The ogre is moderately wounded.
The ogre hits you with a +0 giant club.
You die...

....#.#
.##.#.####
....#....#
...#####.########
..........>†....#
.........######.#
.#.####### #.##
.#....<# #..#
..###### ##@# ...
.......5O......
####
########<##.###
.# .# .. .. ...


You could see an ogre and a shadow imp.

Vanquished Creatures
  Sigmund (D:2)
  A phantom (D:4)
  A water moccasin zombie (D:5)
  2 howler monkeys
  A bullfrog zombie (D:5)
  A hound (D:4)
  Ijyb (D:3)
  Natasha (twice) (D:2)
  Terence (D:2)
  5 worker ants
  8 adders
  4 worms
  2 leopard geckos
  3 orcs (D:3)
  4 giant cockroaches
  6 goblins
  10 hobgoblins
  4 jackals (D:2)
  2 quokkas
  2 ball pythons
  8 bats
  4 frilled lizards
  4 kobolds
  9 rats
86 creatures vanquished.

Notes
Turn   | Place    | Note
-------+----------+-------------------------------------------
     0 | D:1      | Borgoz the Gargoyle Berserker began the quest for the Orb.
     0 | D:1      | Reached XP level 1. HP: 14/14 MP: 1/1
   349 | D:1      | Reached XP level 2. HP: 19/19 MP: 2/2
   960 | D:2      | Noticed Natasha
   964 | D:2      | Killed Natasha
   964 | D:2      | Reached XP level 3. HP: 17/24 MP: 3/3
  1200 | D:2      | Reached XP level 4. HP: 26/29 MP: 4/4
  1454 | D:2      | Reached ** piety under Trog
  1560 | D:2      | Found an iron altar of Okawaru.
  1568 | D:2      | Found a shadowy altar of Dithmenos.
  1568 | D:2      | Found a snail-covered altar of Cheibriados.
  1574 | D:2      | Found a sacrificial altar of Ru.
  1720 | D:2      | Noticed Sigmund
  1723 | D:2      | Noticed Terence
  1730 | D:2      | Killed Sigmund
  1730 | D:2      | Reached XP level 5. HP: 34/34 MP: 5/5
  1730 | D:2      | Reached XP level 6. HP: 39/39 MP: 6/6
  1734 | D:2      | Killed Terence
  2064 | D:2      | Noticed Natasha
  2073 | D:2      | Killed Natasha
  2432 | D:3      | Noticed Ijyb
  2444 | D:3      | Killed Ijyb
  2523 | D:3      | Found a sparkling altar of Nemelex Xobeh.
  2795 | D:3      | Reached *** piety under Trog
  2822 | D:3      | Reached skill level 5 in Fighting
  2996 | D:4      | Reached XP level 7. HP: 39/44 MP: 7/7
  3325 | D:4      | Found Naluw's Antique Weapon Shoppe.
  3469 | D:4      | Found Udumn's Assorted Antiques.
  3475 | D:4      | Bought a scroll labeled SOYRETUKIWY for 23 gold pieces
  3485 | D:4      | Bought a bubbling blue potion for 20 gold pieces
  3486 | D:4      | Found Lahanuwk's Antique Weapon Boutique.
  3688 | D:4      | Found Ymygrai's Assorted Antiques.
  3710 | D:4      | Bought a scroll of identify for 48 gold pieces
  3785 | D:5      | Entered Level 5 of the Dungeon
  3794 | D:5      | Reached skill level 5 in Maces & Flails
  3852 | D:5      | Reached skill level 5 in Armour
  3945 | D:5      | HP: 2/45 [ogre/+0 giant club (24)]
  3948 | D:5      | Slain by an ogre

Illustrated notes

Levels and vault maps discovered:
D:1:      dpeg_arrival_connections, layout_basic
D:2:      layout_basic, minitemple, serial_glass, glass_columns_c,
          glass_columns_c, uniq_sigmund, uniq_natasha, uniq_terence
D:3:      minmay_chambers_of_twos, layout_rooms, nemelex_spade_bored_becter,
          uniq_ijyb
D:4:      layout_basic, serial_shops, nicolae_shop_statue_plus,
          nicolae_shop_stone, shop, kennysheep_little_box, grunt_tough_drop
D:5:      layout_basic, uniq_pikel

Skill      XL: |  1  2  3  4  5  6  7 |
---------------+----------------------+-----
Dodging        | 2 3 |  3.8
Armour         | 3 4 5 |  5.1
Fighting       | 4 5 |  5.7
Maces & Flails | 4 5 |  5.2

Action                   |  1- 3 |  4- 6 |  7- 9 || total
-------------------------+-------+-------+-------++-------
Melee: Mace              |    83 |    56 |       ||   139
       Morningstar       |       |   119 |    84 ||   203
Invok: Berserk           |     1 |     1 |     1 ||     3
  Use: Scroll            |       |       |     6 ||     6
       Potion            |       |       |     1 ||     1
Armor: Animal skin       |    28 |    53 |       ||    81
       Scale mail        |       |    68 |    53 ||   121
Dodge: Dodged            |    51 |   182 |    68 ||   301

Table legend: (Time is in decaauts)
 A = Elapsed time spent in this place.
 B = Non-inter-level travel time spent in this place.
 C = Inter-level travel time spent in this place.
 D = Time resting spent in this place.
 E = Time spent auto-exploring this place.
 F = Levels seen in this place.
 G = Mean time per level.
                   A        B        C        D        E       F      G
               +--------+--------+--------+--------+--------+-----+--------+
         Total |   4051 |   3868 |    183 |    412 |   2737 |   5 |  810.2 |
       Dungeon |   4051 |   3868 |    183 |    412 |   2737 |   5 |  810.2 |
               +--------+--------+--------+--------+--------+-----+--------+

Top non-repeatable levels by time:
     D:2: 1423 daAuts
     D:1: 954 daAuts
     D:4: 897 daAuts
     D:3: 603 daAuts
     D:5: 172 daAuts
